[Event "3rd Rio Open 2024"]
[Site "Rio de Janeiro"]
[Date "2024.04.23"]
[Round "2.5"]
[White "Manzi, Luiz Antonio Bardaro"]
[Black "De Siqueira, Luigy Lira"]
[Result "1-0"]
[ECO "A08"]
[WhiteElo "1975"]
[BlackElo "2274"]
[Annotator "TA"]
[PlyCount "89"]
[EventDate "2024.04.12"]
[EventType "swiss"]
[EventCountry "BRA"]
[SourceTitle "playchess.com"]
[Source "ChessBase"]
[SourceQuality "1"]
[TimeControl "5400+30"]

1. Nf3 d5 2. g3 c5 3. Bg2 Nc6 4. O-O e5 5. d3 Be7 6. Nbd2 h5 7. e4 d4 8. Nc4 Qc7 {[%emt 0:01:10] The position is equal.} 9. a4 h4 10. Ne1 (10. Nxh4 $11 {remains equal.} Bxh4 11. gxh4) 10... hxg3 11. fxg3 Be6 12. Qf3 (12. a5 $1 $15) 12... O-O-O $17 13. b3 f6 14. Qf2 Qd7 15. Bd2 Nh6 16. Bxh6 Rxh6 (16... gxh6 17. Nf3 $15) 17. Nf3 Rdh8 18. Ncd2 Kb8 19. Rfb1 Nd8 20. Nf1 Nf7 21. Nh4 Nd6 22. a5 g5 ({Black should try} 22... a6 $19 23. Nf3 Nb5) 23. Nf5 Bxf5 24. exf5 {[%emt 0:00:13] White is weak on the dark squares} Qxf5 ({Reject} 24... Nxf5 $6 25. a6 $15) 25. Qd2 (25. Qxf5 $17 Nxf5 26. Re1) 25... Qh7 $19 {[%emt 0:02:32][%cal Rh6h2] [#] White must now prevent ...Rxh2.} 26. a6 b6 {[%emt 0:00:49][%cal Rh6h2] Hoping for ...Rxh2.} 27. Qe2 Rxh2 $2 (27... g4 $19 {[%cal Rh6h2] And now ...Rxh2 would win.} 28. Bd5 Bd8) 28. Nxh2 $16 Qxh2+ 29. Kf2 {[%emt 0:00:12] [#] Rh1 would now be deadly.} Rh3 $2 (29... Qh7 {is a better defense.}) 30. Qf3 $2 (30. Qg4 $18 Rh4 31. gxh4) 30... e4 $1 $14 31. dxe4 g4 $2 {[%emt 0:00:00][%mdl 8192] A mistake that costs the game.} 32. Qf4 $18 Kc8 33. Rh1 Nxe4+ 34. Qxe4 Qxg3+ 35. Ke2 (35. Kf1 $142) 35... Qe3+ 36. Qxe3 Rxe3+ 37. Kd2 c4 38. Bb7+ Kd7 39. bxc4 Bb4+ 40. Kc1 f5 41. Rb1 Bc3 42. Rxb6 f4 (42... axb6 $142 43. a7 Re8) 43. Rg6 {[%emt 0:00:30] Rh7+ is the strong threat. White is clearly winning.} Bb4 44. Rh7+ Be7 45. Rxg4 {[%emt 0:00:35] Weighted Error Value: White=0.66/Black=0.44.  Loses game:     	---       	Black=1      Missed win:     	White=1     	Black=1      Mistake:       	White=3     	Black=3      Inaccurate:     	White=2     	Black=1      OK:         	White=8     	Black=11     Best:        	White=2     	---        Strong:       	---       	Black=1} 1-0

[Event "3rd Rio Open 2024"]
[Site "Rio de Janeiro"]
[Date "2024.04.24"]
[Round "3.1"]
[White "Guimaraes, Wagner Peixoto"]
[Black "Fier, Alexandr"]
[Result "0-1"]
[ECO "B14"]
[WhiteElo "2140"]
[BlackElo "2566"]
[Annotator "TA"]
[PlyCount "74"]
[EventDate "2024.04.12"]
[EventType "swiss"]
[EventCountry "BRA"]
[SourceTitle "playchess.com"]
[Source "ChessBase"]
[SourceQuality "1"]
[TimeControl "5400+30"]

1. Nf3 c5 2. c4 Nc6 3. e3 Nf6 4. d4 cxd4 5. exd4 d5 6. Nc3 g6 7. cxd5 Nxd5 8. Bc4 Nb6 9. Bb3 Bg7 10. Be3 O-O 11. h3 Na5 12. Bc2 Nac4 13. b3 (13. Bc1 $11 {keeps the balance.}) 13... Nxe3 $17 {[%emt 0:01:41] Black is better.} 14. fxe3 Be6 {[%emt 0:00:14] [#] Strongly threatening ...Rc8.} 15. Bd3 Rc8 16. Rc1 Bh6 {[%emt 0:01:35] Black is more active.} 17. Qd2 Nd5 (17... Bd5 {with more complications.} 18. h4 Qd6 19. Rc2 Bxf3 20. gxf3 Bxe3 21. Qxe3 Rxc3 22. Rxc3 Nd5) 18. Nxd5 {[%emt 0:01:32] [#] Rxc8 would now be deadly.} Rxc1+ 19. Qxc1 Bxd5 20. O-O Bxf3 21. Rxf3 Qxd4 22. exd4 Bxc1 {[%emt 0:00:41][%mdl 4096] Endgame. KRB-KRB} 23. Bc4 Ba3 24. b4 Bxb4 25. Rb3 a5 26. a3 Bd6 27. Rxb7 Bxa3 ({Don't take} 27... Rc8 28. Bd5 $19) 28. Kf1 Rd8 29. d5 Rc8 30. Bb3 Kg7 31. Ke2 Rc3 32. Ba4 h5 33. Bb3 h4 34. Ba4 Bb4 35. Kf2 Ra3 36. Bc6 Ra2+ 37. Kf3 (37. Kf1 $142) 37... Bc5 {[%emt 0:00:07] Weighted Error Value: White=0.38/Black=0.10 (very precise) .  Mistake:       	White=3     	---        Inaccurate:     	White=2     	Black=1      OK:         	White=3     	Black=12     Best:        	---       	Black=3} 0-1

[Event "3rd Rio Open 2024"]
[Site "Rio de Janeiro"]
[Date "2024.04.24"]
[Round "3.2"]
[White "Matsuura, Everaldo"]
[Black "Rangel, Daniel"]
[Result "1/2-1/2"]
[ECO "C64"]
[WhiteElo "2380"]
[BlackElo "2160"]
[Annotator "TA"]
[PlyCount "36"]
[EventDate "2024.04.12"]
[EventType "swiss"]
[EventCountry "BRA"]
[SourceTitle "playchess.com"]
[Source "ChessBase"]
[SourceQuality "1"]
[TimeControl "5400+30"]

1. e4 e5 2. Nf3 Nc6 3. Bb5 a6 4. Ba4 Bc5 5. O-O Nge7 6. c3 (6. Nxe5 $5 Nxe5 7. d4 $14) 6... Ba7 7. d4 Ng6 8. Bg5 f6 {[%emt 0:00:10] White is slightly better.} 9. Be3 O-O 10. Nbd2 Kh8 11. Bb3 d6 12. Re1 Nce7 13. Nf1 (13. a4 $14) 13... exd4 (13... Bg4 $1 $11) 14. Bxd4 Bxd4 15. Nxd4 f5 {[%emt 0:03:26] The position is equal.} 16. exf5 Nxf5 17. Nxf5 Bxf5 18. Ng3 Ne5 {[%emt 0:13:59] Weighted Error Value: White=0.14 (very precise) /Black=0.11 (very precise) .  Mistake:       	White=1     	Black=1      Inaccurate:     	---       	Black=1      OK:         	White=5     	Black=1      Best:        	---       	Black=2} 1/2-1/2

[Event "3rd Rio Open 2024"]
[Site "Rio de Janeiro"]
[Date "2024.04.24"]
[Round "3.3"]
[White "Casalaspro, Mathias Andre"]
[Black "Hoffman, Alejandro"]
[Result "1-0"]
[ECO "A44"]
[WhiteElo "2107"]
[BlackElo "2379"]
[Annotator "TA"]
[PlyCount "87"]
[EventDate "2024.04.12"]
[EventType "swiss"]
[EventCountry "BRA"]
[SourceTitle "playchess.com"]
[Source "ChessBase"]
[SourceQuality "1"]
[TimeControl "5400+30"]

1. d4 c5 2. d5 e5 3. e4 d6 4. Nc3 Nf6 5. Bb5+ Nbd7 6. a4 Be7 7. Nf3 a6 8. Be2 b6 {[%emt 0:01:51] White is better.} 9. h3 Nf8 10. Nd2 Rb8 11. Nc4 Ng6 12. g3 Bd7 $1 13. Bg5 Qc7 14. Na3 Ra8 15. h4 {[%emt 0:01:11] Black must now prevent h5.} h6 16. Bd2 O-O 17. Kf1 ({White should play} 17. h5 $16 Nh8 18. Bd3) 17... Qb7 $11 18. Kg2 Ne8 19. Bg4 Bxg4 ({Black should try} 19... Bd8 $14) 20. Qxg4 $16 Nf6 21. Qe2 Rfe8 22. h5 Nf8 23. f3 Rab8 24. Nc4 N8d7 25. Nd1 Qc7 26. Nde3 Rb7 27. Nf5 Bf8 28. b3 Nb8 29. g4 {[%emt 0:07:10] Strongly threatening g5.} Nh7 30. f4 (30. Qf2 $18) 30... b5 31. Na5 Rb6 {[%emt 0:00:35] [#]} (31... exf4 $142 32. Nxb7 Ng5 33. Bxf4 Rxe4) 32. Qf3 ({Better is} 32. g5 $1 $16) 32... exf4 $11 33. Bxf4 f6 (33... Nd7 $11) 34. Rhe1 {[%emt 0:01:28] White is much more active.} Ng5 35. Bxg5 fxg5 {[%emt 0:00:03] Black is weak on the light squares} 36. Rf1 Kh8 37. Qc3 {[%emt 0:01:53] [#] axb5 would now be deadly.} Kh7 $2 {[%emt 0:01:17] Black cannot hold the game after this.} (37... Kg8 $16 {was necessary.}) 38. Nd4 $18 b4 (38... Rxe4 $2 39. Qd3 (39. Rxf8 Rxg4+ 40. Kf1 Rxd4 $18) 39... Nd7 40. Qxe4+ $18 (40. Ne6 Qb8 $18)) 39. Qc4 (39. Ne6 Rxe6 (39... bxc3 $2 40. Nxc7 Rxe4 41. Rxf8 $18) 40. Qd3 Re8 $16) 39... Nd7 {[%emt 0:00:45][%cal Od7e5] ...Ne5! is the strong threat.} (39... Rxe4 $2 40. Qd3 (40. Rxf8 Rxg4+ 41. Kh2 Rxd4 $11) 40... Kg8 41. Qxe4 $18 (41. Rxf8+ Kxf8 42. Qxe4 cxd4 $18)) 40. Rf7 {[%emt 0:00:50] Hoping for Ne6.} (40. Ne6 Qc8 41. Qe2 Rxe6 $18) 40... Qc8 (40... Rxe4 $2 {perishes.} 41. Qd3 Kg8 42. Qxe4 $18) (40... Re7 {was called for.}) 41. Ne6 {[%emt 0:02:24] White is clearly winning.} Ne5 42. Qf1 Kg8 (42... Nxf7 $142 43. Qxf7 c4 44. Qg6+ (44. Nxc4 Rb7 $18) (44. bxc4 Rb8 $18) 44... Kh8) 43. Rc7 Qb8 44. Qf5 {[%emt 0:00:47] Weighted Error Value: White=0.14 (very precise) /Black=0.25 (precise) .  Loses game:     	---       	Black=1      Mistake:       	White=3     	Black=5      Inaccurate:     	White=2     	Black=3      OK:         	White=15    	Black=13     Best:        	White=2     	Black=2      Strong:       	---       	Black=1} 1-0

[Event "3rd Rio Open 2024"]
[Site "Rio de Janeiro"]
[Date "2024.04.24"]
[Round "3.4"]
[White "Lima, Darcy"]
[Black "De Albuquerque, Ian Telek C."]
[Result "1-0"]
[ECO "A34"]
[WhiteElo "2369"]
[BlackElo "2134"]
[Annotator "TA"]
[PlyCount "50"]
[EventDate "2024.04.12"]
[EventType "swiss"]
[EventCountry "BRA"]
[SourceTitle "playchess.com"]
[Source "ChessBase"]
[SourceQuality "1"]
[TimeControl "5400+30"]

1. c4 c5 2. g3 Nf6 3. Bg2 d5 4. cxd5 Nxd5 5. Nc3 Nc7 6. Nf3 Nc6 7. d3 e5 8. Nd2 Bd7 9. Nc4 Be7 10. O-O f6 11. f4 exf4 12. gxf4 (12. Bxf4 $14 Be6 13. Qb3) 12... Be6 (12... O-O $11) 13. f5 Bf7 {[%emt 0:00:00] The position is equal.} 14. Bf4 O-O 15. Qb3 Rb8 16. a4 Qd7 17. Nb5 Nxb5 18. Qxb5 (18. axb5 $11 Nd4 19. Qd1) 18... Rbd8 $15 19. Rf2 Nd4 (19... Qxf5 $2 {perishes.} 20. Qxb7 Nd4 21. Qxe7 $18) 20. Qxb7 Nxf5 ({Better is} 20... Qxb7 $11 21. Bxb7 Nxf5) 21. Bc7 $1 $14 Rc8 22. Bg3 {[%emt 0:01:44] White has more active pieces.} Qd4 {[%emt 0:00:00] [#]} 23. e3 $1 Qxd3 (23... Nxe3 $16 {might work better.} 24. Qxe7 Nxg2 25. Kxg2 Rfe8 26. Qxa7 Rcd8) 24. Bf1 $18 ({And not} 24. Qxa7 Bxc4 25. Bf1 Qxe3 26. Bxc4+ Kh8 $17) 24... Qd7 {[%emt 0:07:00] [#]} (24... Qd5 25. Qxd5 (25. Qxa7 Nxg3 26. hxg3 Bd6 $17) 25... Bxd5) 25. Bc7 $4 Rcd8 $2 {[%emt 0:00:00][%mdl 32768] Weighted Error Value: White=0.39/Black=0.43.  Loses game:     	---       	Black=1      Missed win:     	White=1     	Black=1      Mistake:       	White=2     	Black=3      Inaccurate:     	White=2     	Black=3      OK:         	White=5     	Black=2      Best:        	White=1     	---        Strong:       	White=2     	---       . Loss on time!?} (25... Rxc7 $19 26. Qf3 Nd6) 1-0

[Event "3rd Rio Open 2024"]
[Site "Rio de Janeiro"]
[Date "2024.04.24"]
[Round "3.5"]
[White "Lage, Pedro Ferreira"]
[Black "Piccoli, Lucas Fonseca"]
[Result "1/2-1/2"]
[ECO "A13"]
[WhiteElo "2061"]
[BlackElo "2274"]
[Annotator "TA"]
[PlyCount "36"]
[EventDate "2024.04.12"]
[EventType "swiss"]
[EventCountry "BRA"]
[SourceTitle "playchess.com"]
[Source "ChessBase"]
[SourceQuality "1"]
[TimeControl "5400+30"]

1. Nf3 Nf6 2. c4 e6 3. e3 b6 4. b3 Bb7 5. Bb2 Be7 6. Be2 O-O 7. O-O d5 8. d4 {[%emt 0:01:16] The position is equal.} Nbd7 9. Nbd2 c5 10. Rc1 Rc8 11. Rc2 cxd4 12. Nxd4 Nc5 13. Qa1 (13. Qb1 {keeps more tension.} dxc4 14. Rxc4 Qd5 15. N4f3) 13... a6 14. Rfc1 dxc4 15. Rxc4 {[%emt 0:07:18] Hoping for b4.} b5 16. R4c2 Qb6 17. N4f3 Ncd7 18. Ne5 Rxc2 {[%emt 0:09:21] A rather calm draw.   Weighted Error Value: White=0.04 (flawless) /Black=0.04 (flawless) .  Inaccurate:     	---       	Black=1      OK:         	White=1     	Black=6} 1/2-1/2

[Event "3rd Rio Open 2024"]
[Site "Rio de Janeiro"]
[Date "2024.04.25"]
[Round "4.1"]
[White "Fier, Alexandr"]
[Black "Casalaspro, Mathias Andre"]
[Result "1-0"]
[ECO "E61"]
[WhiteElo "2566"]
[BlackElo "2107"]
[Annotator "TA"]
[PlyCount "117"]
[EventDate "2024.04.12"]
[EventType "swiss"]
[EventCountry "BRA"]
[SourceTitle "playchess.com"]
[Source "ChessBase"]
[SourceQuality "1"]
[TimeControl "5400+30"]

1. c4 Nf6 2. Nc3 g6 3. g3 Bg7 4. Bg2 O-O 5. d4 d6 6. e3 e5 7. Nge2 Re8 8. O-O e4 9. h3 c6 10. b3 h5 {[%emt 0:05:26] The position is equal.} 11. Ba3 Bf5 12. Rc1 Na6 13. b4 Nc7 14. d5 Qd7 {[%emt 0:07:16] Hoping for ...cxd5.} 15. Kh2 (15. dxc6 $11 bxc6 16. Kh2) 15... Nh7 ({Black should try} 15... cxd5 $15 16. cxd5 Rac8) 16. Nd4 cxd5 17. Nxf5 Qxf5 18. Nxd5 Ne6 (18... Nxd5 $11 19. Qxd5 Qxd5 20. cxd5 f5) 19. Qc2 Nhg5 20. f4 exf3 21. Qxf5 gxf5 22. Bxf3 Nxf3+ 23. Rxf3 Be5 24. h4 Rac8 25. Rxf5 Ng7 26. Rf2 {[%emt 1:26:12] White is more active.} f5 27. Bb2 Kf7 28. Bxe5 Rxe5 29. Rd2 Ne6 30. a4 Rc6 31. Kg2 Re4 {[%emt 0:04:59] [#]} (31... Rc8 $16 32. a5 Rc6) 32. Rf2 $1 $18 Ng7 33. Rfc2 Ne8 34. Kf3 Nf6 35. Nxf6 Kxf6 $16 {[%emt 0:00:08][%mdl 4096] Endgame. KRR-KRR} 36. Rd1 a6 (36... b6 $16 {might work better.} 37. Rd4 d5) 37. Rd4 Ke5 38. Rcd2 (38. Rxe4+ fxe4+ 39. Kf2 d5 $11) 38... Ke6 39. Rxe4+ fxe4+ 40. Kxe4 Rxc4+ $18 {[%emt 0:00:07] KR-KR} 41. Rd4 Rc1 42. Kf4 {[%emt 0:00:00] Kg5 is the strong threat.} Rf1+ $2 (42... Rg1 43. e4 Rf1+ 44. Kg5 Rf3) 43. Kg5 Rf3 {[%emt 0:00:24] [#]} (43... Rf5+ $142 44. Kg6 d5) 44. g4 $1 (44. Kxh5 Rxg3 45. Rg4 Rxe3 $16) 44... hxg4 45. Re4+ ({Less strong is} 45. Rxg4 Rxe3 46. Kg6 (46. h5 Kf7 $14) 46... Ke7 $16) 45... Kd5 46. Rxg4 Rxe3 47. h5 Re8 48. h6 (48. Kf6 $142 Rf8+ 49. Kg7) 48... Rg8+ 49. Kh5 Rh8 50. Rg7 b5 51. axb5 axb5 52. Rc7 Rg8 53. h7 Rg1 54. Kh6 {White mates.} (54. h8=R $2 {is the wrong capture.} Rh1+ 55. Kg4 Rxh8 $19) 54... Rh1+ 55. Kg7 Rg1+ 56. Kf8 Rf1+ 57. Kg8 Rg1+ 58. Rg7 Rh1 59. Rg4 {[%emt 0:00:00] Weighted Error Value: White=0.19 (very precise) /Black=0.39.  Mistake:       	White=1     	Black=6      Inaccurate:     	White=3     	Black=4      OK:         	White=15    	Black=9      Best:        	White=6     	Black=3      Strong:       	White=1     	---} 1-0

[Event "3rd Rio Open 2024"]
[Site "Rio de Janeiro"]
[Date "2024.04.25"]
[Round "4.2"]
[White "Terao, Juliana Sayumi"]
[Black "Labussiere, Yago"]
[Result "1/2-1/2"]
[ECO "B22"]
[WhiteElo "2179"]
[BlackElo "2184"]
[Annotator "TA"]
[PlyCount "71"]
[EventDate "2024.04.12"]
[EventType "swiss"]
[EventCountry "BRA"]
[SourceTitle "playchess.com"]
[Source "ChessBase"]
[SourceQuality "1"]
[TimeControl "5400+30"]

1. e4 c5 2. c3 Nf6 3. e5 Nd5 4. Nf3 Nc6 5. Bc4 Nb6 6. Bb3 c4 7. Bc2 d6 8. exd6 e5 9. a4 Bxd6 10. a5 Nd7 {[%emt 0:11:16][%cal Od7c5] White is slightly better.} 11. d3 cxd3 12. Qxd3 Nf6 13. Nbd2 O-O {[%emt 0:24:04] [#] ...e4 would now be deadly.} 14. O-O (14. Ng5 {looks sharper.} g6 15. a6 bxa6 16. Qc4) 14... Bc7 15. Qe2 Bxa5 16. Nc4 {[%emt 0:04:54] White is more active.} (16. Rd1 $1 $14 Qe8 17. b4) 16... Bc7 $11 17. Rd1 {[%emt 0:00:15] Prevents e4.} Qe7 18. b3 e4 19. Ba3 exf3 20. Qxe7 Nxe7 21. Bxe7 Re8 22. Bd6 b5 23. Bxc7 bxc4 24. bxc4 {[%emt 0:01:33] [#] Black must now prevent Ba4.} (24. gxf3 cxb3 25. Bxb3 Bb7) 24... Bb7 $1 25. gxf3 Bxf3 26. Rd4 Bc6 27. h3 Rec8 28. Ba5 g6 29. Re1 Re8 30. Rxe8+ Nxe8 31. c5 Rc8 32. Bb3 Nc7 33. Rd6 Ne8 34. Re6 Rb8 $2 (34... Ba4 $15 35. Ba2 Rxc5) 35. Rd6 $4 (35. Rxc6 $18 Rxb3 36. Rc8 Rb1+ 37. Kg2) 35... Rc8 $2 ({Better is} 35... Nxd6 $19 36. Bb4 Ne4) 36. Re6 {[%emt 0:00:30] Weighted Error Value: White=0.29 (precise) /Black=0.40.  Loses game:     	---       	Black=1      Missed win:     	White=1     	Black=1      Mistake:       	White=2     	---        Inaccurate:     	White=2     	Black=1      OK:         	White=9     	Black=13     Best:        	White=1     	Black=1      Strong:       	---       	Black=1} (36. Rd4 $11) 1/2-1/2

[Event "3rd Rio Open 2024"]
[Site "Rio de Janeiro"]
[Date "2024.04.25"]
[Round "4.3"]
[White "Zacarias, Rodrigo Medeiros"]
[Black "Matsuura, Everaldo"]
[Result "0-1"]
[ECO "C99"]
[WhiteElo "2101"]
[BlackElo "2380"]
[Annotator "TA"]
[PlyCount "48"]
[EventDate "2024.04.12"]
[EventType "swiss"]
[EventCountry "BRA"]
[SourceTitle "playchess.com"]
[Source "ChessBase"]
[SourceQuality "1"]
[TimeControl "5400+30"]

1. e4 e5 2. Nf3 Nc6 3. Bb5 a6 4. Ba4 Nf6 5. O-O Be7 6. Re1 b5 7. Bb3 d6 8. c3 O-O 9. h3 Na5 10. Bc2 c5 11. d4 Qc7 12. Nbd2 cxd4 13. cxd4 Rd8 14. d5 Bd7 15. b4 Rac8 16. Bd3 {[%emt 0:08:04] The position is equal.} Qc3 17. Rb1 (17. Nb3 $1 $11 {keeps the balance.} Nxb3 (17... Qxb4 18. Bd2 $16) 18. Qxb3) 17... Qxd3 $17 18. bxa5 Qc2 {[%emt 0:03:27] Black has more active pieces.} 19. Ba3 Bf8 (19... Qxa2 20. Re3 Nxd5 21. exd5 $14) 20. Rb2 Qc3 21. Nb3 b4 22. Re3 Qc4 23. Nfd2 Qb5 24. Nc1 (24. Na1 $11 {was the only way to keep the balance.}) 24... Qa4 $1 {[%emt 0:05:23] Weighted Error Value: White=0.30/Black=0.16 (very precise) .  Mistake:       	White=2     	---        Inaccurate:     	White=1     	Black=2      OK:         	White=3     	Black=4      Best:        	White=3     	Black=1      Strong:       	---       	Black=1} ({But not} 24... Qxa5 $6 25. Bxb4 Qa4 26. Qe1 $11) 0-1

[Event "3rd Rio Open 2024"]
[Site "Rio de Janeiro"]
[Date "2024.04.25"]
[Round "4.4"]
[White "Piccoli, Lucas Fonseca"]
[Black "Souza, Iago Henrique da Sil"]
[Result "1-0"]
[ECO "B12"]
[WhiteElo "2274"]
[BlackElo "2052"]
[Annotator "TA"]
[PlyCount "67"]
[EventDate "2024.04.12"]
[EventType "swiss"]
[EventCountry "BRA"]
[SourceTitle "playchess.com"]
[Source "ChessBase"]
[SourceQuality "1"]
[TimeControl "5400+30"]

1. e4 c6 2. d4 d5 3. e5 Bf5 4. h4 h5 5. Bd3 Bxd3 6. Qxd3 e6 7. Bg5 Qb6 8. Nd2 {[%emt 0:00:07] Active counter play!} c5 9. c4 {[%emt 0:00:06] The position is equal.} Qxb2 10. Rd1 {[%emt 0:02:37] [#] aiming for cxd5.} Nc6 (10... Qxa2 $6 11. Ne2 $14) 11. Ne2 Nb4 12. Qf3 cxd4 $2 {[%emt 0:07:50] [#]} (12... Nc2+ $11 13. Kf1 Nxd4 14. Nxd4 Qxd4) 13. O-O $1 $18 d3 14. Nf4 Be7 (14... Qxe5 $142 15. cxd5 (15. Nxh5 $2 Qe2 $19) 15... Nxd5) 15. cxd5 exd5 16. Rb1 (16. Nxd3 Nxd3 17. Qxd3 Bxg5 $18) (16. Nxd5 Nxd5 17. Nc4 (17. Qxd5 Rd8 $11) 17... Qb5 (17... Qxa2 $2 18. Qxd5 Kf8 19. Rxd3 $18) 18. Qxd3 Qc6 $18) 16... Qd4 17. a3 Bxg5 18. Rxb4 Qxe5 {[%emt 0:05:12] And now ...Bxf4 would win.} 19. Nxd3 (19. hxg5 Ne7 20. Qxd3 Rb8 21. Qb5+ (21. Nf3 Qd6 $18) 21... Nc6) 19... Qc3 (19... Qd6 $142 20. hxg5 Ne7) 20. Nb1 (20. Qxd5 Bxd2 21. Ne5 Nh6 $18) 20... Qf6 21. hxg5 Qxf3 22. gxf3 b6 23. Re1+ Kf8 24. Nc3 Ne7 25. Rd4 Rd8 26. Nb4 g6 27. Nbxd5 Nf5 28. Rc4 Kg7 29. Rc7 a5 30. Re4 {[%emt 0:03:22] White is clearly winning.} ({Don't take} 30. Nxb6 Rd3 31. Nd7 Nh4 $18) 30... Rd6 31. Nf6 Rdd8 {[%emt 0:03:13] Prevents Ne8+} 32. Ncd5 {[%emt 0:00:31][%cal Od5f4] Hoping for Nf4!} b5 33. Nf4 Rd1+ 34. Kh2 {[%emt 0:19:55] Black did not feel at home in the position after the opening.   Weighted Error Value: White=0.34/Black=0.52.  Loses game:     	---       	Black=1      Mistake:       	---       	Black=2      Inaccurate:     	White=1     	Black=3      OK:         	White=11    	Black=10     Best:        	White=2     	Black=1      Strong:       	White=1     	---} 1-0